 Dungeon Crawl Stone Soup version 0.31-a0-1370-gf52a5a9ab3 (webtiles) character file.

Game seed: 18293785524574735566

157 grandjackal the Slasher (level 5, -2/41 HPs)
             Began as a Demonspawn Gladiator on Dec 24, 2023.
             Slain by Grinder (4 damage)
             ... while paralysed by Grinder
             ... on level 3 of the Dungeon.
             The game lasted 00:02:03 (2013 turns).

grandjackal the Slasher (Demonspawn Gladiator)      Turns: 2013, Time: 00:02:03

Health: -2/41      AC:  7    Str: 20    XL:     5   Next: 15%
Magic:  5/5        EV:  2    Int:  8    God:
Gold:   94         SH:  0    Dex: 17    Spells: 4/4 levels left

rFire   . . .        a - +0 long sword
rCold   . . .        (no shield)
rNeg    . . .        m - +0 scale mail
rPois   .            c - +0 helmet
rElec   .            (no cloak)
rCorr   .            (no gloves)
SInv    .            (no boots)
Will    .....        (no amulet) Stlth
                     k - +6 ring of strength
HPRegen 0.26/turn    (no ring)
MPRegen 0.09/turn

%: no passive effects
@: paralysed
A: hooves 2
a: no special abilities


You were on level 3 of the Dungeon.
You visited 1 branch of the dungeon, and saw 3 of its levels.

You collected 94 gold pieces.

Inventory:

Hand Weapons
 a - a +0 long sword (weapon)
Missiles
 d - 2 throwing nets (quivered)
 e - a javelin
Armour
 c - a +0 helmet (worn)
 m - a +0 scale mail (worn)
Jewellery
 k - a +6 ring of strength (left hand)
Wands
 b - a wand of polymorph (7)
Scrolls
 g - 2 scrolls of teleportation {unknown}
 i - a scroll of noise {unknown}
 n - a scroll of vulnerability {unknown}
 p - a scroll of identify {unknown}
Potions
 f - 2 potions of might {unknown}
 h - a potion of brilliance {unknown}
 j - a potion of curing {unknown}
 l - 2 potions of lignification {unknown}
 o - 2 potions of invisibility {unknown}


   Skills:
 + Level 3.3 Fighting
 + Level 3.7 Long Blades
 - Level 2.2 Throwing
 + Level 3.6 Dodging


You had 4 spell levels left.
You didn't know any spells.
Your spell library contained the following spells:

 Spells                   Type           Power      Damage    Failure   Level
 Magic Dart               Conj           0%         1d3       78%         1
 Blink                    Tloc           0%         N/A       89%         2
 Call Imp                 Summ           0%         N/A       89%         2
 Iskenderun's Battlesphe  Conj           0%         2d6       100%        5
 Bombard                  Conj/Erth      0%         9d1       100%        6
 Spellforged Servitor     Conj/Summ      0%         N/A       100%        7


Dungeon Overview and Level Annotations

Branches:
Dungeon (3/15)

Altars:

Shops:
D:2 [

Annotations:
D:3 Grinder


Innate Abilities, Weirdness & Mutations

You have hoof-like feet.


Message History

You barely miss Grinder.
Grinder is lightly wounded.
Grinder hits you.
You hit Grinder.
Grinder is moderately wounded.
Grinder gestures at you.
You suddenly lose the ability to move!
Grinder says, "My boss said I was rubbish.
His entrails said otherwise."
Grinder gestures at you.
You shrug off the repeated paralysis!
Grinder hits you.
You writhe in agony.
You can move again.
Unknown command.
Unknown command.
You slash Grinder!
Grinder is heavily wounded.
Grinder gestures at you. Pain shoots through your body!
You are too injured to fight recklessly!
You are too injured to fight recklessly!
You are too injured to fight recklessly!
Unknown command.
You closely miss Grinder.
Grinder is heavily wounded.
Grinder says, "DUCK!"
Grinder gestures at you.
You shrug off the repeated paralysis!
You completely miss Grinder.
Grinder is heavily wounded.
Grinder gestures at you.
You barely resist. Grinder gestures at you.
You suddenly lose the ability to move!
Grinder hits you!
* * * LOW HITPOINT WARNING * * *
Grinder hits you.
* * * LOW HITPOINT WARNING * * *
Grinder hits you.
You die...
Grinder says, "Hey, I wasn't done torturing you yet!"

...............# #..#
###.##..#.# .##
###..#####.##..#.# ...
......(.......#.#
.##.#####..#####........
...........#####.###.#.#
##...<...............#
#....(##.#####.#######
#...=@>....# #.#
#...>5##.#.# #.#
#.....##.#.# #.#
#........# # #.#
.......#### #.#
..#.....# #.# ..#....>#
##.#.## #


You could see Grinder.

Vanquished Creatures
  Jessica (D:2)
  Natasha (D:2)
  Robin (D:2)
  4 gnolls
  An adder (D:2)
  A worm (D:2)
  2 bats (D:2)
  An endoplasm (D:1)
  A giant cockroach (D:1)
  6 hobgoblins (D:2)
  7 jackals (D:2)
  2 kobolds (D:1)
  A quokka (D:1)
  3 ball pythons
  9 goblins
  3 rats
44 creatures vanquished.

Notes
Turn   | Place    | Note
-------+----------+-------------------------------------------
     0 | D:1      | grandjackal the Demonspawn Gladiator began the quest for
                  | the Orb.
     0 | D:1      | Reached XP level 1. HP: 16/16 MP: 1/1
   195 | D:1      | Found a faded altar of an unknown god.
   712 | D:2      | Gained mutation: You have large cloven feet. [demonic
                  | ancestry]
   712 | D:2      | Reached XP level 2. HP: 10/22 MP: 2/2
   849 | D:2      | Reached XP level 3. HP: 28/28 MP: 3/3
  1023 | D:2      | Noticed Natasha
  1030 | D:2      | Killed Natasha
  1031 | D:2      | Gained mutation: You have hoof-like feet. [demonic
                  | ancestry]
  1031 | D:2      | Reached XP level 4. HP: 32/35 MP: 4/4
  1088 | D:2      | Noticed Jessica
  1105 | D:2      | Killed Jessica
  1210 | D:2      | Found Lylosche's Antique Armour Shop.
  1427 | D:2      | Noticed Robin
  1455 | D:2      | Reached XP level 5. HP: 33/41 MP: 5/5
  1516 | D:2      | Killed Robin
  1873 | D:3      | Noticed Grinder
  2005 | D:3      | Paralysed by Grinder for 3 turns
  2010 | D:3      | Paralysed by Grinder for 4 turns
  2012 | D:3      | HP: 2/41 [Grinder (5)]
  2013 | D:3      | Slain by Grinder

Illustrated notes

Levels and vault maps discovered:
D:1:      lightli_arrival_quake, layout_rooms,
          dreamdust_ecumenical_altar_angels_and_demons
D:2:      layout_loops_corners, serial_shops, shop, uniq_robin, uniq_natasha,
          uniq_jessica
D:3:      layout_loops_ring, kennysheep_big_empty_room, cheibrodos_gnoll_hut,
          uniq_grinder

Skill      XL: |  1  2  3 |
---------------+----------+-----
Throwing       | 2 |  2.2
Dodging        | 3 |  3.6
Long Blades    | 3 |  3.7
Fighting       | 3 |  3.3

Action                     |  1- 3 |  4- 6 || total
---------------------------+-------+-------++-------
  Melee: Long sword        |    57 |    66 ||   123
         Kick              |     4 |    18 ||    22
         Punch             |     2 |     1 ||     3
         Unarmed           |       |    14 ||    14
  Throw: Throwing net      |     1 |       ||     1
 Armour: Leather armour    |    12 |       ||    12
         Scale mail        |    22 |    45 ||    67
         Skin              |       |     2 ||     2
  Dodge: Dodged            |    52 |    41 ||    93

Table legend: (Time is in decaauts)
 A = Elapsed time spent in this place.
 B = Non-inter-level travel time spent in this place.
 C = Inter-level travel time spent in this place.
 D = Time resting spent in this place.
 E = Time spent auto-exploring this place.
 F = Levels seen in this place.
 G = Mean time per level.
                   A        B        C        D        E       F      G
               +--------+--------+--------+--------+--------+-----+--------+
         Total |   2043 |   1937 |    106 |    335 |   1204 |   3 |  681.0 |
       Dungeon |   2043 |   1937 |    106 |    335 |   1204 |   3 |  681.0 |
               +--------+--------+--------+--------+--------+-----+--------+

Top non-repeatable levels by time:
     D:2: 1238 daAuts
     D:1: 732 daAuts
     D:3: 72 daAuts
